 Dungeon Crawl Stone Soup version 0.18-a0-796-g4b90cf5 (webtiles) character file.

909946 Morbidden the Axe Maniac (level 27, -23/208 HPs)
             Began as a Naga Fighter on Oct 26, 2015.
             Was the Champion of Cheibriados.
             Annihilated by an acid blob (24 damage)
             ... on level 6 of the Pits of Slime on Dec 14, 2015.
             The game lasted 06:04:14 (82907 turns).

Morbidden the Axe Maniac (Naga Fighter)            Turns: 82907, Time: 06:04:15

Health: -23/208    AC: 64    Str: 38      XL:     27
Magic:  0/38       EV: 15    Int: 24 (25) God:    Cheibriados [******]
Gold:   6737       SH:  2    Dex: 23      Spells: 1 memorised, 51 levels left

rFire  + + +     SeeInvis +     P - +9 executioner's axe (elec)
rCold  + . .     Rnd*Rage +     c - +7 gold dragon armour of the Blind Marksman {+Blink rPois rF+ rC+ rCorr}
rNeg   + . .     SustAt   .     (shield currently unavailable)
rPois  +         Gourm    .     B - +2 hat of the Bear Spirit {Spirit, +Rage rN+ MR++}
rElec  .         Spirit   +     a - +2 cloak of Valiance {*Corrode rF+ MR+ Int+2}
rCorr  +         Dismiss  .     h - +2 pair of gloves
rMut   .         Rnd*Tele +     i - +4 naga barding {rF+}
MR     +++++                    N - +2 amulet of reflection
Stlth  ..........               D - +6 ring of protection
                                s - +6 ring of protection

@: exhausted, corroded equipment, very slow, almost entirely resistant to
hostile enchantments, extremely unstealthy
A: see invisible, berserk 3, clumsy 2, deformed body, deterioration 2, dopey 2,
frail 3, low mp 1, poison resistance, screaming 2, slowness 2, slow metabolism
1, spit poison 3, teleportitis 1, weak 2, no device heal 1, subdued magic 2,
MP-powered wands, constrict 1, AC +9
a: Breathe Poison Gas, Bend Time, Temporal Distortion, Slouch, Step From Time,
Renounce Religion, Evoke Blink, Evoke Berserk Rage
}: 4/15 runes: serpentine, barnacled, silver, abyssal


You were on level 6 of the Pits of Slime.
You worshipped Cheibriados.
Cheibriados was exalted by your worship.
You were not hungry.

You visited 13 branches of the dungeon, and saw 64 of its levels.
You visited the Abyss 2 times.
You also visited: Trove, Bailey and Wizlab.

You collected 9286 gold pieces.
You spent 2549 gold pieces at shops.

Inventory:

Hand Weapons
 P - a +9 executioner's axe of electrocution (weapon)
Armour
 a - the +2 cloak of Valiance (worn) {*Corrode rF+ MR+ Int+2}
   (You acquired it in a treasure trove)

   It affects your intelligence (+2).
   It protects you from fire.
   It affects your resistance to hostile enchantments.
   It may corrode your equipment when you take damage.
 c - the +7 gold dragon armour of the Blind Marksman (worn) {+Blink rPois rF+ rC+ rCorr}
   (You found it on level 3 of the Elven Halls)

   It protects you from fire.
   It protects you from cold.
   It protects you from poison.
   It lets you blink.
   It protects you from acid and corrosion.
 h - a +2 pair of gloves (worn)
 i - a +4 naga barding of fire resistance (worn)
 B - the +2 hat of the Bear Spirit (worn) {Spirit, +Rage rN+ MR++}
   (You bought it in a shop on level 4 of the Orcish Mines)

   It protects you from negative energy.
   It affects your resistance to hostile enchantments.
   It lets you go berserk.
 W - a +12 gold dragon armour of ponderousness
Jewellery
 s - a +6 ring of protection (left hand)
 D - a +6 ring of protection (right hand)
 N - a +2 amulet of reflection (around neck)
Wands
 b - a wand of fireball (2)
 l - a wand of heal wounds (7)
 w - a wand of heal wounds (3)
 y - a wand of disintegration (4)
 z - a wand of digging (7)
 C - a wand of disintegration (17)
 O - a wand of teleportation (6)
Scrolls
 d - 3 scrolls of identify
 j - 31 scrolls of remove curse
 k - 8 scrolls of magic mapping
 m - 21 scrolls of teleportation
 q - 2 scrolls of holy word
 t - a scroll of blinking
 u - 6 scrolls of fear
 v - 7 scrolls of fog
 x - 6 scrolls of recharging
 E - 3 scrolls of silence
 H - 2 scrolls of enchant weapon
 K - a scroll of enchant armour
 M - 10 scrolls of amnesia
Potions
 f - 3 potions of agility
 n - 7 potions of brilliance
 p - a potion of might
 r - 2 potions of magic
 F - a potion of invisibility
 G - 4 potions of cancellation
 L - 7 potions of flight
 Q - 13 potions of curing
 V - a potion of cure mutation
 X - 3 potions of resistance
Books
 I - a book of Death

   Spells                             Type                      Level
   a - Corpse Rot                     Necromancy                   2
   b - Sublimation of Blood           Necromancy                   2
   c - Agony                          Necromancy                   5
   d - Dispel Undead                  Necromancy                   5
   e - Excruciating Wounds            Charms/Necromancy            5
   f - Bolt of Draining               Conjuration/Necromancy       5
Comestibles
 e - 32 bread rations
 A - 7 meat rations


   Skills:
 O Level 27 Fighting
 O Level 27 Axes
 O Level 27 Armour
 * Level 13.4 Dodging
 - Level 11.0 Stealth
   Level 2.4 Shields
 * Level 15.4 Spellcasting
 * Level 18.2 Necromancy
 + Level 14.9 Invocations
 + Level 4.0 Evocations


You had 51 spell levels left.
You knew the following spells:

 Your Spells              Type           Power        Failure   Level  Hunger
a - Dispel Undead         Necr           ######..     0%          5    ##.....


Dungeon Overview and Level Annotations

Branches:
Dungeon (15/15)            Temple (1/1) D:6            Lair (8/8) D:9
 Shoals (4/4) Lair:6        Snake (4/4) Lair:4        Slime (6/6) Lair:6
    Orc (4/4) D:10            Elf (3/3) Orc:3        Vaults (5/5) D:13
  Crypt (3/3) Vaults:2       Tomb (0/3) Crypt:3      Depths (5/5) D:15
   Hell (1/1)                 Dis (0/7) Hell            Geh (0/7) Hell
    Coc (0/7) Hell            Tar (0/7) Hell            Zot (5/5) Depths:5

Altars:
Ashenzari
Cheibriados
Dithmenos
Elyvilon
Fedhas
Gozag
Kikubaaqudgha
Makhleb
Nemelex Xobeh
Okawaru
Qazlal
Ru
Sif Muna
Trog
Vehumet
Xom
Yredelemnul
Zin
The Shining One
Beogh
Jiyva

Shops:
D:8 :   Orc:2 :   Orc:4 *}[[   Elf:2 *   Snake:1 (}*(   Snake:2 [   Snake:3 }
Vaults:4 [?}!%   Depths:1 *

Portals:
Hell: Depths:1 Depths:2 Depths:3 Depths:4 Depths:5
Abyss: Depths:4
Pandemonium: Depths:3 Depths:5
Ziggurat: Depths:4


Innate Abilities, Weirdness & Mutations

You cannot wear boots.
Your serpentine skin is tough (AC +9).
You have supernaturally acute eyesight.
Armour fits poorly on your strangely shaped body.
Your system is resistant to poisons.
You cover ground very slowly.
You have a slow metabolism.
You can exhale a cloud of poison.
You can use your snake-like lower body to constrict enemies.
You have an uncontrollable temper.
You are very clumsy. (Dex -4)
Your body often deteriorates upon taking damage.
You are very dopey. (Int -4)
You are extremely frail (-30% HP).
Your magical capacity is low (-10% MP).
You sometimes yell uncontrollably at your foes.
You are occasionally teleported next to monsters.
You are very weak. (Str -4)
Potions and wands are less effective at restoring your health.
Your spells are easier to cast, but less powerful.
You expend magic power (3 MP) to strengthen your wands.


Message History

You feel better. The acid blob closely misses you.
Unknown command.
Drink which item? (? for menu, Esc to quit)
You feel better.
The acid blob hits you but does no damage.
The acid blob spits acid at you. The splash of acid hits you! You resist.
* * * LOW HITPOINT WARNING * * *
The acid burns!
You resist.
* * * LOW HITPOINT WARNING * * *
Unknown command.
Drink which item? (? for menu, Esc to quit)
You feel better.
You feel yourself speed up. The acid blob hits you!
* * * LOW HITPOINT WARNING * * *
You are splashed with acid!
The acid corrodes you!
The acid burns!
You resist.
* * * LOW HITPOINT WARNING * * *
The acid blob hits you!!
You die...

.........###(##..##(###..........
........###$()##.#%?)###......G..
........##=))##..##()(##......JJ.
.......##(|[=$#.##[:}|[###......J
......###$?[%##..##[:$$##.......J
......####!!#)##.#\#)$####.....J.
......#########..########....J...
.......#...#........#...##.......
.........#...#.J@.#...#.....J..G.
.......########..#########.......
.......###""#)##.#|#))####.......
......###[$:$##..##$}%=###.......
......###[)φ[%#.##?}[:$##........
.......###(}?##..##%=?##.........
.........##?$?##.#$$?###......J..
.........###)##..##[###........JJ
,,,,,,,,..#####.######...........


You could see an acid blob.

Vanquished Creatures
  the Royal Jelly (Slime:6)
  2 curse toes
  2 ancient liches
  An orb of fire (Zot:4)
  Mara (Snake:3)
  2 juggernauts (Depths:3)
  Sojobo (Depths:4)
  Boris (Vaults:5)
  Norris (Snake:3)
  Saint Roka (Depths:3)
  Vashnia (Snake:2)
  2 Killer Klowns (Zot:3)
  Geryon (Hell)
  5 caustic shrikes (Depths:4)
  12 golden dragons
  2 profane servitors
  the Enchantress (Depths:3)
  11 bone dragons
  An electric golem (Zot:4)
  A Hellbinder (WizLab)
  Rupert (Orc:2)
  3 hellephants
  10 tentacled monstrosities
  23 liches
  Asterion (Snake:2)
  4 deep elf blademasters (Elf:3)
  10 titans
  4 quicksilver dragons
  2 deep elf master archers (Elf:3)
  20 acid blobs
  2 Executioners (Abyss:3)
  41 tentacled starspawn
  4 krakens
  2 sphinxes
  Agnes (Vaults:1)
  8 storm dragons
  Frances (D:13)
  9 death cobs
  7 ancient champions
  3 revenants (Crypt:3)
  3 draconian monks
  9 shadow dragons
  6 fire giants
  9 tengu reavers
  Ilsuiw (Shoals:3)
  A daeva (Abyss:3)
  14 greater nagas
  12 deep elf sorcerers
  21 azure jellies
  Donald (Snake:4)
  An orc warlord (Orc:4)
  Wiglaf (Vaults:1)
  14 draconian knights
  8 balrugs
  4 iron dragons
  A cacodemon (Abyss:3)
  15 draconian scorchers
  Aizul (Snake:1)
  12 frost giants
  3 spriggan defenders (Depths:3)
  4 draconian shifters
  A ghost moth (Zot:3)
  10 curse skulls
  A deep elf elementalist (Abyss:3)
  7 draconian zealots
  18 vault wardens
  2 ghouls
  18 ironheart preservers
  5 war gargoyles
  7 draconian annihilators
  10 reapers
  A caustic shrike skeleton (Crypt:1)
  23 stone giants
  An ophan (Abyss:3)
  17 very ugly things
  12 green draconians
  3 lorocyprocas
  8 vampire knights
  Nessos (Lair:5)
  5 draconian callers
  15 deep elf annihilators
  2 salamander stormcallers
  10 deep elf demonologists
  14 black draconians
  10 red draconians
  19 spark wasps
  10 yellow draconians
  20 mottled draconians
  16 purple draconians
  8 white draconians
  7 merfolk javelineers
  9 deep elf death magi
  Snorg (Lair:5)
  6 eidola
  8 death oozes
  13 merfolk impalers
  5 green deaths
  A crystal guardian (Abyss:3)
  29 vault guards
  3 quicksilver dragon zombies
  16 fire dragons
  13 jiangshi
  11 deep elf high priests
  18 ettins
  15 yaktaur captains
  3 blizzard demons
  18 great orbs of eyes
  A hell beast (WizLab)
  18 ice dragons
  8 hydras
  23 naga warriors
  6 entropy weavers
  8 spriggan air magi
  The ghost of Arkorax the Fighter, a novice MiGl of Okawaru (D:10)
  14 anacondas
  9 centaur warriors
  The ghost of Frontstab the Covert, a journeyman OpBe of Trog (D:11)
  An anaconda (shapeshifter) (Elf:1)
  4 satyrs
  17 rakshasas
  3 catoblepae
  11 merfolk avatars
  6 merfolk aquamancers
  26 dancing weapons
  9 ogre magi
  2 alligator snapping turtles (Shoals:4)
  3 death yaks (Lair:8)
  7 tengu warriors
  9 death knights
  6 vampire magi
  An iron giant skeleton (Crypt:3)
  35 thrashing horrors
  8 spriggan berserkers
  2 titan zombies (Crypt:3)
  11 deep troll shamans
  6 shock serpents
  5 orc high priests (Orc:4)
  Urug (Orc:2)
  8 hell hogs (Abyss:3)
  2 storm dragon zombies
  11 sun demons
  10 deep troll earth magi
  27 naga sharpshooters
  18 hell knights
  Sonja (Lair:3)
  Nergalle (Lair:2)
  6 spriggans
  4 iron golems (Hell)
  10 shadow wraiths
  104 large abominations
  8 soul eaters
  41 wretched stars
  A spark wasp zombie (Crypt:3)
  A fire crab (shapeshifter) (Vaults:5)
  3 shadow demons
  30 deep elf knights
  4 fire crabs
  30 sea snakes
  A golden dragon zombie (Crypt:1)
  2 quicksilver dragon simulacra
  2 salamander mystics
  5 ice devils
  The ghost of Hanibal the Thaumaturge, a novice DEWz of Vehumet (D:11)
  2 storm dragon skeletons
  25 deep trolls
  2 death drakes (Abyss:3)
  43 skeletal warriors
  11 spatial maelstroms
  A death drake (shapeshifter) (Vaults:1)
  6 unseen horrors
  10 giant orange brains
  11 removed MONS_DEEP_ELF_SUMMONERs
  17 orc knights
  9 flayed ghosts
  A swamp dragon (shapeshifter) (Vaults:4)
  8 iron trolls
  14 naga ritualists
  2 tengu zombies
  31 harpies
  19 ironbrand convokers
  A harpy (shapeshifter) (D:15)
  9 shining eyes
  12 mana vipers
  An orb spider (Abyss:3)
  10 hill giants
  2 iron dragon zombies (Crypt:3)
  17 necromancers
  15 removed MONS_DEEP_ELF_CONJURERs
  6 orc sorcerers
  3 wolf spiders
  A statue (Abyss:3)
  19 phantasmal warriors
  18 moths of wrath
  10 manticores
  A human zombie (Vaults:4)
  3 stone giant zombies
  8 sixfirhies
  2 hornets (shapeshifter)
  2 shadow dragon skeletons
  13 fauns
  A wizard (Depths:4)
  14 griffons
  15 worldbinders
  4 water nymphs
  A water nymph (shapeshifter) (Depths:3)
  15 salamanders
  4 frost giant zombies
  2 guardian serpents (shapeshifter)
  12 cyclopes
  51 ugly things
  14 spiny frogs
  3 hornets
  3 iron dragon skeletons
  A shock serpent zombie (Abyss:3)
  A molten gargoyle (Hell)
  7 rust devils
  21 elephants
  35 naga magi
  Maurice (Orc:1)
  10 sirens
  9 guardian serpents
  56 black mambas
  A frost giant skeleton (Abyss:1)
  An ice statue (Hell)
  A titan simulacrum (Hell)
  A toenail golem (Abyss:3)
  15 orange demons
  2 gargoyles
  5 torpor snails
  12 apocalypse crabs
  14 vault sentinels
  32 smoke demons
  A ghost (Vaults:1)
  10 kobold demonologists
  A dire elephant skeleton (Crypt:1)
  10 komodo dragons
  4 eyes of devastation
  A grey draconian zombie (Crypt:2)
  2 centaur skeletons
  5 spectral swamp worms (Depths:5)
  11 hellions
  3 demonic crawlers
  12 removed MONS_DEEP_ELF_PRIESTs
  8 hellwings
  5 fire drakes
  62 yaktaurs
  9 efreet
  34 ancient zymes
  A queen bee (shapeshifter) (Elf:3)
  A silent spectre (Abyss:3)
  2 jumping spiders (shapeshifter)
  2 removed
  MONS_BLUE_DEVILs (WizLab)
  12 guardian mummies
  A komodo dragon (shapeshifter) (D:14)
  7 tengu conjurers
  5 tormentors
  A red draconian skeleton (Crypt:1)
  A queen bee (D:14)
  4 human skeletons
  2 wind drakes (shapeshifter)
  2 anaconda simulacra (Crypt:3)
  19 freezing wraiths
  A white draconian skeleton (Crypt:1)
  41 merfolk
  4 giant leeches (Abyss:3)
  A raiju (shapeshifter) (Depths:4)
  4 hydra zombies
  A shadow dragon simulacrum (Vaults:3)
  A slime creature (shapeshifter) (D:13)
  2 polar bears (Lair:7)
  10 trolls
  A hydra skeleton (Hell)
  A polar bear (shapeshifter) (Vaults:4)
  25 two-headed ogres
  3 jumping spiders
  5 red devils
  Prince Ribbit (D:8)
  A boulder beetle (shapeshifter) (Depths:4)
  5 wind drakes
  135 slime creatures
  106 raiju
  10 boulder beetles
  A sphinx simulacrum (Vaults:3)
  2 alligator zombies
  2 bog bodies
  An ettin zombie (Crypt:3)
  43 blink frogs
  A fire giant simulacrum (Hell)
  6 shadows
  30 ynoxinuls
  A fire dragon zombie (Hell)
  13 flying skulls
  A harpy skeleton (Hell)
  A trapdoor spider (D:11)
  92 yaks
  An ice dragon zombie (Crypt:3)
  52 deep elf magi
  A trapdoor spider zombie (D:12)
  11 snapping turtles
  A black mamba zombie (Crypt:3)
  5 tarantellas
  40 vampires
  28 water elementals
  16 redbacks
  A fire dragon skeleton (Abyss:1)
  3 air elementals
  A dire elephant simulacrum (Crypt:3)
  2 ettin skeletons
  13 fire bats
  20 wraiths
  5 wyverns
  2 black mamba skeletons
  2 alligator skeletons (Crypt:3)
  9 fire elementals
  2 hogs (shapeshifter)
  A trapdoor spider (shapeshifter) (Vaults:3)
  A basilisk (shapeshifter) (Abyss:3)
  50 removed MONS_DEEP_ELF_FIGHTERs
  22 golden eyes
  28 neqoxecs
  A fire bat (shapeshifter) (D:15)
  17 vampire mosquitoes
  11 basilisks
  19 water moccasins
  6 hungry ghosts
  A human (D:13)
  73 nagas
  A human simulacrum (Vaults:3)
  8 spatial vortices
  A hill giant skeleton (Crypt:3)
  3 hippogriffs (shapeshifter)
  26 chaos spawn
  19 insubstantial wisps
  21 hippogriffs
  3 yaktaur simulacra
  8 wargs
  A hydra simulacrum (Hell)
  A swamp drake (shapeshifter) (Depths:4)
  2 hell hounds (shapeshifter)
  14 porcupines
  70 orc warriors
  2 spiny frog zombies
  12 wolves (Lair:8)
  9 hell hounds (Abyss:3)
  A manticore zombie (Crypt:3)
  A soldier ant (D:13)
  An ogre (shapeshifter) (Vaults:1)
  2 spiny frog skeletons (Hell)
  3 ice beasts
  A swamp drake (Lair:6)
  3 black bears
  A black bear (shapeshifter) (Depths:1)
  3 necrophages
  3 phantoms
  10 eyes of draining
  A sky beast (shapeshifter) (Abyss:1)
  4 snapping turtle zombies
  An ice dragon simulacrum (Abyss:3)
  A tengu (shapeshifter) (Vaults:5)
  A wasp (shapeshifter) (D:15)
  27 crocodiles
  5 sky beasts
  29 centaurs
  A fire dragon simulacrum (Abyss:3)
  4 wasps
  12 boggarts
  56 ogres
  A hog skeleton (Crypt:1)
  2 big kobolds
  A spiny frog simulacrum (Hell)
  3 earth elementals
  38 giant frogs
  A yaktaur skeleton (Crypt:3)
  2 wyvern skeletons
  A warg zombie (Crypt:2)
  91 small abominations
  4 scorpions
  30 wights
  5 electric eels
  33 killer bees
  A warg skeleton (Crypt:1)
  An elf simulacrum (Abyss:3)
  6 centaur zombies
  36 jellies
  17 crimson imps
  A giant frog zombie (D:6)
  191 starcursed masses
  2 giant frog skeletons
  11 hounds
  Crazy Yiuf (D:7)
  A wasp zombie (D:13)
  36 orc priests
  46 orc wizards
  16 quasits
  14 worker ants
  15 iguanas
  21 iron imps
  6 lightning spires (Abyss:5)
  40 sheep
  A dwarf zombie (Crypt:2)
  2 killer bee zombies
  A felid skeleton (Crypt:2)
  A hound zombie (D:6)
  A hound skeleton (D:4)
  9 mummies (Crypt:3)
  9 gnolls
  64 river rats
  10 adders
  7 shadow imps
  9 white imps
  17 ufetubi
  An adder skeleton (D:6)
  2 adder zombies
  A halfling zombie (Crypt:3)
  A halfling skeleton (Crypt:1)
  5 worms
  6 giant geckos
  299 orcs
  3 ball pythons
  4 giant cockroaches
  7 hobgoblins
  5 quokkas
  A ball python (shapeshifter) (Abyss:3)
  A ball python skeleton (Crypt:3)
  9 bats
  7 giant newts
  A giant newt zombie (Crypt:2)
  9 goblins
  A goblin skeleton (Crypt:3)
  11 jackals
  16 kobolds
  A quokka zombie (D:7)
  31 rats
  A bush (Lair:6)
  2 butterflies (D:6)
  13 crawling corpses
  8 fungi
  A lost soul (Crypt:1)
  10 macabre masses (Abyss:3)
  23 plants
  A spectral weapon (Snake:2)
  54 starspawn tentacles
  3 starspawn tentacle segments (Abyss:3)
  16 tentacles
  A tentacle segment (Shoals:1)
5086 creatures vanquished.

Vanquished Creatures (collateral kills)
  The ghost of emikaela the Brawler, a journeyman TrEn of Ru (Orc:2)
  An oklob plant (Lair:8)
  A merfolk (Shoals:3)
  A fungus (Lair:8)
4 creatures vanquished.

Vanquished Creatures (others)
  An eldritch tentacle (Abyss:3)
  A vault guard (Vaults:5)
  A yaktaur captain (Vaults:5)
  4 large abominations
  A thrashing horror (Abyss:3)
  An ogre mage (Vaults:1)
  2 deep elf knights
  A red devil (Abyss:3)
  A removed MONS_DEEP_ELF_FIGHTER (Elf:2)
  A neqoxec (Abyss:3)
  2 golden eyes (Abyss:1)
  A spiny frog skeleton (Hell)
  4 small abominations (Abyss:3)
  A wyvern skeleton (D:13)
  2 quasits
  An orc (Orc:4)
  6 bushes
  A crawling corpse (Elf:3)
  121 eldritch tentacle segments (Abyss:3)
  A fire vortex (Abyss:4)
  20 fungi
  6 lost souls
  8 lurking horrors
  A macabre mass (Abyss:3)
  63 plants
  78 starspawn tentacles
  868 starspawn tentacle segments
  16 tentacles
  503 tentacle segments
1717 creatures vanquished.

Grand Total: 6807 creatures vanquished

Notes
Turn   | Place    | Note
--------------------------------------------------------------
     0 | D:1      | Morbidden the Naga Fighter began the quest for the Orb.
     0 | D:1      | Reached XP level 1. HP: 21/21 MP: 1/1
   373 | D:1      | Reached XP level 2. HP: 18/28 MP: 2/2
   937 | D:1      | Reached XP level 3. HP: 27/34 MP: 3/3
  1543 | D:2      | Found a snail-covered altar of Cheibriados.
  1556 | D:2      | Became a worshipper of Cheibriados the Contemplative
  1566 | D:2      | Found a blossoming altar of Fedhas.
  1571 | D:2      | Found a glowing silver altar of Zin.
  1867 | D:2      | Found a sacrificial altar of Ru.
  1883 | D:2      | Reached skill level 4 in Axes
  1979 | D:2      | Reached XP level 4. HP: 40/42 MP: 4/4
  2053 | D:2      | Reached * piety under Cheibriados
  2093 | D:2      | Noticed a scorpion
  2098 | D:2      | Killed a scorpion
  2349 | D:3      | Reached skill level 5 in Axes
  2349 | D:3      | Reached XP level 5. HP: 39/49 MP: 5/5
  3138 | D:3      | Found a white marble altar of Elyvilon.
  3237 | D:3      | Reached ** piety under Cheibriados
  3310 | D:3      | Reached XP level 6. HP: 42/56 MP: 6/6
  3493 | D:4      | Reached skill level 6 in Axes
  3750 | D:4      | Reached *** piety under Cheibriados
  3961 | D:4      | Reached XP level 7. HP: 56/62 MP: 7/7
  4031 | D:4      | Reached skill level 7 in Axes
  4148 | D:4      | Reached **** piety under Cheibriados
  4405 | D:5      | Entered Level 5 of the Dungeon
  4542 | D:5      | Reached skill level 8 in Axes
  4542 | D:5      | Reached XP level 8. HP: 30/73 MP: 8/8
  4896 | D:5      | Gained mutation: You can translocate small distances at will. [potion of mutation]
  4896 | D:5      | Lost mutation: You can translocate small distances at will. [potion of mutation]
  4944 | D:5      | Found a bloodstained altar of Trog.
  4946 | D:5      | Found a basalt altar of Yredelemnul.
  4947 | D:5      | Found an iron altar of Okawaru.
  5160 | D:5      | Reached ***** piety under Cheibriados
  5268 | D:6      | Found a radiant altar of Vehumet.
  5302 | D:6      | Found a staircase to the Ecumenical Temple.
  5325 | D:6      | Reached skill level 5 in Fighting
  5356 | D:6      | Reached skill level 1 in Invocations
  5365 | Temple   | Entered the Ecumenical Temple
  5492 | D:6      | Found a sparkling altar of Nemelex Xobeh.
  5606 | D:6      | Reached skill level 9 in Axes
  5612 | D:6      | Reached skill level 1 in Dodging
  5626 | D:6      | Found a burning altar of Makhleb.
  5627 | D:6      | Found a shimmering altar of Xom.
  5851 | D:6      | Reached XP level 9. HP: 17/81 MP: 4/10
  6119 | D:6      | Reached skill level 10 in Axes
  6500 | D:7      | Noticed a hill giant
  6508 | D:7      | Killed a hill giant
  6745 | D:7      | Reached XP level 10. HP: 84/92 MP: 11/13
  6801 | D:7      | Noticed a hill giant
  6806 | D:7      | Killed a hill giant
  6806 | D:7      | Reached skill level 11 in Axes
  7127 | D:7      | Noticed Crazy Yiuf
  7130 | D:7      | Killed Crazy Yiuf
  7275 | D:8      | Reached skill level 5 in Armour
  7289 | D:8      | Identified the Volume of Twisted Summoning
  7314 | D:8      | Noticed Prince Ribbit
  7320 | D:8      | Killed Prince Ribbit
  7731 | D:8      | Reached ****** piety under Cheibriados
  7842 | D:8      | Reached skill level 5 in Invocations
  7966 | D:8      | Found Laringo's Book Shop.
  8071 | D:8      | Found a sparkling altar of Nemelex Xobeh.
  8072 | D:8      | Found an opulent altar of Gozag.
  8621 | D:9      | Reached XP level 11. HP: 77/100 MP: 15/15
  8626 | D:9      | Found a staircase to the Lair.
  8646 | D:9      | Reached skill level 12 in Axes
  9685 | Lair:1   | Entered Level 1 of the Lair of Beasts
 10247 | Lair:1   | Reached skill level 13 in Axes
 10921 | Lair:1   | Reached XP level 12. HP: 99/112 MP: 17/17
 11059 | D:10     | Entered Level 10 of the Dungeon
 11067 | D:10     | Found a staircase to the Orcish Mines.
 11183 | D:10     | Noticed Arkorax's ghost (novice MiGl)
 11205 | D:10     | Killed Arkorax's ghost
 11441 | D:10     | Got a pitted flail
 11442 | D:10     | Identified the +9 flail "Iczeheza" {crush, rC+ MP+9} (You found it on level 10 of the Dungeon)
 11899 | Orc:1    | Entered Level 1 of the Orcish Mines
 12148 | Orc:1    | Noticed Maurice
 12153 | Orc:1    | Killed Maurice
 12313 | Orc:2    | Found a roughly hewn altar of Beogh.
 12532 | Orc:2    | Noticed emikaela's ghost (journeyman TrEn)
 12817 | Orc:1    | Reached skill level 14 in Axes
 13119 | D:10     | Noticed a centaur warrior
 13131 | D:10     | Killed a centaur warrior
 13795 | D:11     | Noticed Frontstab's ghost (journeyman OpBe)
 13803 | D:11     | Killed Frontstab's ghost
 13859 | D:11     | Noticed Hanibal's ghost (novice DEWz)
 13864 | D:11     | Killed Hanibal's ghost
 14547 | D:12     | Noticed a tengu warrior
 14547 | D:12     | Noticed a tengu warrior
 14555 | D:12     | Killed a tengu warrior
 14555 | D:12     | Gained mutation: You can use your snake-like lower body to constrict enemies. [Naga growth]
 14555 | D:12     | Reached XP level 13. HP: 90/123 MP: 18/18
 14560 | D:12     | Killed a tengu warrior
 14701 | D:12     | Reached skill level 10 in Fighting
 14917 | D:12     | Reached skill level 15 in Axes
 14992 | D:13     | Noticed Frances
 15001 | D:13     | Killed Frances
 15509 | Lair:2   | Noticed Nergalle
 15515 | Lair:2   | Killed Nergalle
 16205 | Lair:3   | Noticed Sonja
 16217 | Lair:3   | Killed Sonja
 16217 | Lair:3   | Reached skill level 16 in Axes
 16407 | Lair:3   | You fall through a shaft for 2 floors!
 16456 | Lair:4   | Reached XP level 14. HP: 126/133 MP: 19/19
 16874 | Lair:4   | Found a staircase to the Snake Pit.
 17534 | Lair:5   | Noticed Snorg
 17543 | Lair:5   | Killed Snorg
 17853 | Lair:5   | Noticed Nessos
 17870 | Lair:5   | Killed Nessos
 18605 | Lair:6   | Reached skill level 17 in Axes
 19062 | Lair:6   | Found a staircase to the Shoals.
 19414 | Lair:6   | Found a viscous altar of Jiyva.
 19416 | Lair:6   | Found a staircase to the Slime Pits.
 20051 | Lair:7   | Reached skill level 10 in Armour
 20444 | Lair:7   | Reached XP level 15. HP: 140/142 MP: 21/21
 20763 | Lair:8   | Entered Level 8 of the Lair of Beasts
 20807 | Lair:8   | Reached skill level 18 in Axes
 22697 | Snake:1  | Entered Level 1 of the Snake Pit
 22707 | Snake:1  | Found Udiubb Xial's Gadget Boutique.
 22714 | Snake:1  | Found Rybo Raz's Weapon Emporium.
 23734 | Snake:1  | Found Suny's Assorted Antiques.
 23742 | Snake:1  | Bought a scroll of identify for 44 gold pieces
 23742 | Snake:1  | Bought a heavy robe for 125 gold pieces
 23742 | Snake:1  | Identified the +0 robe of the Elven Halls {+Blink SInv} (You bought it in a shop on level 1 of the Snake Pit)
 23908 | Snake:1  | Reached skill level 19 in Axes
 24430 | Snake:1  | Found Soxyfel's Antique Weapon Shoppe.
 24557 | Snake:1  | Noticed Aizul
 24569 | Snake:1  | Killed Aizul
 24569 | Snake:1  | Reached XP level 16. HP: 105/152 MP: 19/22
 24785 | Snake:1  | Found Yqasusk's Magic Scroll Emporium.
 25256 | Orc:2    | Killed emikaela's ghost
 25813 | Orc:2    | Upgraded the game from 0.17-a0-2198-g482c6e3 to 0.17-a0-2217-ga280b8d
 25836 | Orc:2    | Noticed Rupert
 25852 | Orc:2    | Killed Rupert
 26126 | Orc:2    | Found Qaeq's Book Shoppe.
 26264 | Orc:2    | Noticed Urug
 26339 | Orc:2    | Killed Urug
 26693 | Orc:3    | Found a staircase to the Elven Halls.
 26927 | Orc:4    | Entered Level 4 of the Orcish Mines
 27141 | Orc:4    | Found Sonnus's General Store.
 27163 | Orc:4    | Found Utaodith's Gadget Shoppe.
 27204 | Orc:4    | Found a roughly hewn altar of Beogh.
 27888 | Orc:4    | Found a roughly hewn altar of Beogh.
 28147 | Orc:4    | Got a twisted plate armour
 28148 | Orc:4    | Identified the +3 plate armour of Beogh's Reproof {rPois} (You found it on level 4 of the Orcish Mines)
 28840 | Orc:4    | Found Tuudas's Antique Armour Shoppe.
 28855 | Orc:4    | Reached skill level 20 in Axes
 28864 | Orc:4    | Bought a glowing naga barding for 437 gold pieces
 28910 | Orc:4    | Found Ciuddoig's Armour Boutique.
 28934 | Orc:4    | Bought the +2 hat of the Bear Spirit {Spirit, +Rage rN+ MR++} for 430 gold pieces
 29025 | Orc:4    | Bought the +10 plate armour "Roydy" {rF+ MP+9} for 1218 gold pieces
 29232 | D:13     | Found a gate to the Vaults.
 29400 | D:13     | Found a glowing golden altar of the Shining One.
 30474 | Snake:2  | Noticed Asterion
 30489 | Snake:2  | Killed Asterion
 30489 | Snake:2  | Reached XP level 17. HP: 131/162 MP: 22/23
 30671 | Snake:2  | Upgraded the game from 0.17-a0-2217-ga280b8d to 0.17-a0-2231-gd80ca38
 30716 | Snake:2  | Noticed Vashnia
 30736 | Snake:2  | Killed Vashnia
 31069 | Snake:2  | Found Puntet Xurr's Antique Armour Shoppe.
 31743 | Snake:3  | Reached skill level 21 in Axes
 31752 | Snake:3  | Reached skill level 10 in Invocations
 32663 | Snake:3  | Found Geakuny's Gadget Boutique.
 32934 | Snake:3  | Noticed Norris
 32967 | Snake:3  | Reached XP level 18. HP: 121/172 MP: 25/25
 32976 | Snake:3  | Killed Norris
 33429 | Snake:3  | Gained mutation: You can exhale a cloud of poison. [potion of beneficial mutation]
 33571 | Snake:3  | Noticed Mara
 33575 | Snake:3  | Noticed Morbidden's illusion
 33575 | Snake:3  | Was placed under penance by Cheibriados
 33582 | Snake:3  | Killed Mara
 33582 | Snake:3  | Was forgiven by Cheibriados
 33963 | Shoals:1 | Entered Level 1 of the Shoals
 34319 | Elf:1    | Entered Level 1 of the Elven Halls
 34339 | Elf:1    | Reached skill level 22 in Axes
 35758 | Elf:2    | Found Yfocha's Assorted Antiques.
 35801 | Elf:2    | Found a magical portal.
 35835 | WizLab   | Entered The Hall of Isenwira the Hellbinder
 36434 | WizLab   | Reached XP level 19. HP: 183/183 MP: 26/26
 36631 | WizLab   | Noticed Isenwira
 36640 | WizLab   | Killed Isenwira the Hellbinder
 36641 | WizLab   | Found a burning altar of Makhleb.
 36665 | WizLab   | Identified Sif Muna's Guide on the Escort
 36691 | WizLab   | Identified Sif Muna's Catalogue of Ensnaring Creation
 37260 | Elf:2    | Found a huge runed gate.
 37260 | Elf:2    | Found a huge runed gate.
 37260 | Elf:2    | Found a huge runed gate.
 37260 | Elf:2    | Found a huge runed gate.
 37261 | Elf:2    | Found a huge runed gate.
 37949 | Snake:4  | Entered Level 4 of the Snake Pit
 38443 | Snake:4  | Noticed Donald
 38454 | Snake:4  | Reached skill level 15 in Fighting
 38455 | Snake:4  | Killed Donald
 38456 | Snake:4  | Reached skill level 23 in Axes
 39479 | Snake:4  | Reached XP level 20. HP: 148/194 MP: 28/28
 40184 | Snake:4  | Got a serpentine rune of Zot
 40711 | Shoals:1 | Upgraded the game from 0.17-a0-2231-gd80ca38 to 0.18-a0-42-g56b16cb
 40923 | Shoals:1 | Identified a scroll of acquirement
 41722 | Shoals:3 | Reached skill level 24 in Axes
 42173 | Shoals:3 | Noticed Ilsuiw
 42194 | Shoals:3 | Killed Ilsuiw
 42262 | Shoals:3 | Reached skill level 5 in Dodging
 42640 | Shoals:4 | Entered Level 4 of the Shoals
 42656 | Shoals:4 | Reached XP level 21. HP: 197/205 MP: 29/29
 42990 | Shoals:4 | Upgraded the game from 0.18-a0-42-g56b16cb to 0.18-a0-738-g888b110
 43008 | Shoals:4 | Got a barnacled rune of Zot
 44379 | D:14     | Found a flagged portal.
 44388 | Bailey   | Entered a bailey
 44691 | D:14     | Reached skill level 15 in Armour
 44691 | D:14     | Reached XP level 22. HP: 216/216 MP: 30/30
 45372 | D:15     | Entered Level 15 of the Dungeon
 45700 | D:15     | Upgraded the game from 0.18-a0-738-g888b110 to 0.18-a0-750-g37044d6
 45923 | D:15     | Found a staircase to the Depths.
 46085 | Vaults:1 | Entered Level 1 of the Vaults
 46120 | Vaults:1 | Noticed Agnes
 46121 | Vaults:1 | Reached skill level 25 in Axes
 46123 | Vaults:1 | Killed Agnes
 46327 | Vaults:1 | Noticed Wiglaf
 46338 | Vaults:1 | Killed Wiglaf
 46550 | Vaults:1 | Reached XP level 23. HP: 224/224 MP: 31/31
 48251 | Vaults:2 | Found a staircase to the Crypt.
 49067 | Vaults:3 | Reached skill level 26 in Axes
 49137 | Vaults:3 | Identified the Handbook of Dislocation and Snow
 49254 | Vaults:3 | Found a portal to a secret trove of treasure.
 49281 | Vaults:3 | You paid a toll of 4 scrolls of blinking to enter a treasure trove
 49282 | Trove    | Entered a treasure trove
 49333 | Trove    | Got a crude cloak
 49334 | Trove    | Identified the +2 cloak of Valiance {*Corrode rF+ MR+ Int+2} (You acquired it in a treasure trove)
 49618 | Vaults:4 | Found Ruynalui's Distillery.
 49670 | Vaults:4 | Found Voqa's Food Boutique.
 49767 | Vaults:4 | Cast into level 3 of the Abyss (deep elf conjurer)
 49777 | Abyss:3  | Found a corrupted altar of Lugonu.
 49839 | Abyss:3  | Reached XP level 24. HP: 204/237 MP: 31/31
 49853 | Vaults:4 | Escaped the Abyss
 49960 | Vaults:4 | Gained mutation: You are partially covered in molten scales (AC +1). [potion of beneficial mutation]
 50106 | Vaults:4 | Found Kibrul's Gadget Emporium.
 50163 | Vaults:4 | Found Xyguol's Magic Scroll Shop.
 50170 | Vaults:4 | Bought a scroll of enchant armour for 75 gold pieces
 50170 | Vaults:4 | Bought a scroll of silence for 75 gold pieces
 50170 | Vaults:4 | Bought a scroll of enchant armour for 75 gold pieces
 50170 | Vaults:4 | Bought a scroll of magic mapping for 35 gold pieces
 50170 | Vaults:4 | Bought a scroll of magic mapping for 35 gold pieces
 50302 | Vaults:4 | Found Idwynet's Armour Boutique.
 50604 | Crypt:1  | Entered Level 1 of the Crypt
 52002 | Crypt:2  | Reached skill level 27 in Axes
 52628 | Crypt:3  | Entered Level 3 of the Crypt
 52979 | Crypt:3  | Reached XP level 25. HP: 239/249 MP: 31/31
 53103 | Crypt:3  | Upgraded the game from 0.18-a0-750-g37044d6 to 0.18-a0-765-gb606732
 53343 | Crypt:3  | Identified a +5 rod of inaccuracy (14/14) (You found it on level 3 of the Crypt)
 53360 | Crypt:3  | Got a shimmering naga barding
 53362 | Crypt:3  | Identified the -6 naga barding "Xuasidor" {Int+4} (You acquired it on level 3 of the Crypt)
 53371 | Crypt:3  | Got a wavering garnet amulet
 53372 | Crypt:3  | Identified the amulet "Romut" {Inacc rPois} (You found it on level 3 of the Crypt)
 54475 | Crypt:3  | Found a staircase to the Tomb.
 54676 | Crypt:3  | Got a twitching jade ring
 54676 | Crypt:3  | Got a pitted wooden ring
 54677 | Crypt:3  | Identified the ring of Lies {Fragile +Inv rN+ SInv} (You found it on level 3 of the Crypt)
 54678 | Crypt:3  | Identified the ring "Uvvoqeuj" {rF- rN+ MR+ Int+3 Slay+2} (You found it on level 3 of the Crypt)
 55131 | Depths:1 | Entered Level 1 of the Depths
 55262 | Depths:1 | Found a gateway to Hell.
 55372 | Depths:1 | Found Zumeoliwy's Pet Rocks.
 55556 | Depths:1 | Reached skill level 1 in Stealth
 56783 | Depths:3 | Noticed the Enchantress
 56784 | Depths:3 | Reached XP level 26. HP: 266/266 MP: 32/32
 56795 | Depths:3 | Killed the Enchantress
 56809 | Depths:3 | Got a faerie dragon armour
 56840 | Depths:2 | Identified the +4 faerie dragon armour {Str+5 Dex+2} (You took it off the Enchantress on level 3 of the Depths)
 57112 | Depths:3 | Found a one-way gate leading to the halls of Pandemonium.
 57168 | Depths:3 | Noticed Saint Roka
 57180 | Depths:3 | Killed Saint Roka
 57251 | Depths:3 | Noticed a juggernaut
 57258 | Depths:3 | Killed a juggernaut
 57274 | Depths:3 | Noticed a juggernaut
 57281 | Depths:3 | Killed a juggernaut
 57929 | Depths:3 | Identified a +5 rod of the swarm (12/12) (You found it on level 3 of the Depths)
 57981 | Depths:4 | Noticed Sojobo
 57993 | Depths:4 | Killed Sojobo
 58309 | Depths:4 | Found a gateway to a ziggurat.
 58714 | Depths:4 | Reached XP level 27. HP: 268/282 MP: 32/32
 59081 | Depths:4 | Found a snail-covered altar of Cheibriados.
 59802 | Depths:4 | Found a one-way gate to the infinite horrors of the Abyss.
 59987 | Depths:5 | Entered Level 5 of the Depths
 60302 | Depths:5 | Found a gate to the Realm of Zot.
 60523 | Depths:5 | Got a transparent copper ring
 60852 | Hell     | Entered the Vestibule of Hell
 60852 | Hell     | Noticed Geryon
 60876 | Hell     | Killed Geryon
 60955 | Hell     | Reached skill level 1 in Evocations
 61559 | Vaults:5 | Entered Level 5 of the Vaults
 61592 | Vaults:5 | Reached skill level 5 in Stealth
 62184 | Vaults:5 | Identified the ring "Uqemuih" {Fragile rPois Int+8 Stlth+} (You found it on level 5 of the Depths)
 62198 | Vaults:5 | Reached skill level 10 in Stealth
 62224 | Vaults:5 | Gained mutation: You are weak. (Str -2) [a neqoxec]
 62323 | Vaults:5 | Reached skill level 1 in Necromancy
 62339 | Vaults:5 | Noticed an ancient lich
 62351 | Vaults:5 | Killed an ancient lich
 62448 | Vaults:5 | Got a silver rune of Zot
 62529 | Vaults:5 | Noticed Boris
 62541 | Vaults:5 | Killed Boris
 62728 | Vaults:5 | Reached skill level 27 in Fighting
 62786 | Vaults:5 | Reached skill level 5 in Necromancy
 62929 | Vaults:5 | Identified the Almanac of Displacement
 62957 | Vaults:5 | Reached skill level 1 in Spellcasting
 63810 | Elf:3    | Entered Level 3 of the Elven Halls
 64291 | Elf:3    | Gained mutation: Your flesh is cold resistant. [a neqoxec]
 64769 | Elf:3    | Got a jewelled gold dragon armour
 64804 | Elf:3    | Identified the +7 gold dragon armour of the Blind Marksman {+Blink rPois rF+ rC+ rCorr} (You found it on level 3 of the Elven Halls)
 65486 | Zot:1    | Entered Level 1 of the Realm of Zot
 65934 | Zot:1    | Noticed a curse toe
 65944 | Zot:1    | Killed a curse toe
 67113 | Zot:1    | Reached skill level 5 in Spellcasting
 67253 | Zot:1    | Reached skill level 10 in Dodging
 67384 | Zot:2    | Reached skill level 10 in Necromancy
 70154 | Zot:4    | Noticed an orb of fire
 70156 | Zot:4    | Gained mutation: You occasionally shout uncontrollably at your foes. [an orb of fire]
 70156 | Zot:4    | Gained mutation: Potions and wands are less effective at restoring your health. [an orb of fire]
 70169 | Zot:4    | Gained mutation: Your magical capacity is low (-10% MP). [an orb of fire]
 70170 | Zot:4    | Killed an orb of fire
 70313 | Zot:4    | Noticed a curse toe
 70324 | Zot:4    | Killed a curse toe
 70752 | Zot:4    | Learned a level 5 spell: Dispel Undead
 71272 | Zot:5    | Entered Level 5 of the Realm of Zot
 71497 | Depths:4 | Voluntarily entered the Abyss.
 71573 | Abyss:1  | Gained mutation: You tend to lose your temper in combat. [a neqoxec]
 71687 | Abyss:1  | Gained mutation: You expend magic power (3 MP) to strengthen your wands. [a neqoxec]
 71817 | Abyss:1  | Lost mutation: You are partially covered in molten scales (AC +1). [a neqoxec]
 71817 | Abyss:1  | Gained mutation: Your magical capacity is very low (-20% MP). [a neqoxec]
 71866 | Abyss:1  | Found a viscous altar of Jiyva.
 72047 | Abyss:1  | Paralysed by accursed screaming for 1 turns
 72399 | Abyss:1  | Found a corrupted altar of Lugonu.
 72654 | Abyss:1  | Paralysed by accursed screaming for 1 turns
 72860 | Abyss:1  | Found a deep blue altar of Sif Muna.
 73014 | Abyss:1  | Gained mutation: You are clumsy. (Dex -2) [a neqoxec]
 73861 | Abyss:1  | Reached skill level 10 in Spellcasting
 74147 | Abyss:2  | Found a corrupted altar of Lugonu.
 74521 | Abyss:3  | Paralysed by you for 3 turns
 74619 | Abyss:3  | Lost mutation: You are clumsy. (Dex -2) [mutagenic meat]
 74620 | Abyss:3  | Lost mutation: Your magical capacity is very low (-20% MP). [mutagenic meat]
 74621 | Abyss:3  | Gained mutation: Your magical capacity is very low (-20% MP). [mutagenic meat]
 74723 | Abyss:3  | Gained mutation: You are clumsy. (Dex -2) [a shining eye]
 74811 | Abyss:3  | Paralysed by accursed screaming for 2 turns
 74820 | Abyss:3  | Paralysed by accursed screaming for 1 turns
 74825 | Abyss:3  | Paralysed by accursed screaming for 1 turns
 74832 | Abyss:3  | Paralysed by accursed screaming for 2 turns
 74869 | Abyss:3  | Noticed an ancient lich
 74872 | Abyss:3  | Killed an ancient lich
 75314 | Abyss:3  | Gained mutation: Your spells are a little easier to cast, but a little less powerful. [a neqoxec]
 75396 | Abyss:3  | Found an ancient bone altar of Kikubaaqudgha.
 75403 | Abyss:3  | Gained mutation: You are very weak. (Str -4) [a neqoxec]
 75448 | Abyss:3  | Reached skill level 15 in Necromancy
 75830 | Abyss:3  | Lost mutation: Your spells are easier to cast, but less powerful. [mutagenic meat]
 75850 | Abyss:3  | Gained mutation: You have an uncontrollable temper. [a neqoxec]
 75858 | Abyss:3  | Gained mutation: Your spells are much easier to cast, but much less powerful. [a neqoxec]
 76060 | Abyss:3  | Paralysed by accursed screaming for 1 turns
 76221 | Abyss:3  | Paralysed by you for 4 turns
 76697 | Abyss:3  | Gained mutation: Your magical capacity is extremely low (-30% MP). [a neqoxec]
 77335 | Abyss:3  | Upgraded the game from 0.18-a0-765-gb606732 to 0.18-a0-796-g4b90cf5
 77788 | Abyss:3  | Lost mutation: You expend magic power (3 MP) to strengthen your wands. [mutagenic meat]
 77789 | Abyss:3  | Lost mutation: Your magical capacity is extremely low (-30% MP). [mutagenic meat]
 77790 | Abyss:3  | Lost mutation: You occasionally shout uncontrollably at your foes. [mutagenic meat]
 77809 | Abyss:3  | Found a corrupted altar of Lugonu.
 77918 | Abyss:3  | Gained mutation: You have an uncontrollable temper. [a neqoxec]
 78050 | Abyss:3  | Gained mutation: You occasionally shout uncontrollably at your foes. [mutagenic meat]
 78052 | Abyss:3  | Gained mutation: Your body sometimes deteriorates upon taking damage. [mutagenic meat]
 78291 | Abyss:3  | Reached skill level 27 in Armour
 78411 | Abyss:3  | Paralysed by accursed screaming for 1 turns
 78488 | Abyss:3  | Found a runed door.
 78512 | Abyss:3  | Found a runed door.
 78922 | Abyss:4  | Found a corrupted altar of Lugonu.
 78973 | Abyss:5  | Entered Level 5 of the Abyss
 79036 | Abyss:5  | Got an abyssal rune of Zot
 79089 | Depths:4 | Escaped the Abyss
 79245 | Depths:4 | Lost mutation: You have an uncontrollable temper. [mutagenic meat]
 79296 | Hell     | Found a gateway to the ashen valley of Gehenna.
 79355 | Hell     | Found a gateway to the decaying netherworld of Tartarus.
 79409 | Hell     | Found a gateway to the freezing wastes of Cocytus.
 79490 | Hell     | Found a gateway to the Iron City of Dis.
 79994 | Slime:1  | Entered Level 1 of the Pits of Slime
 80185 | Slime:1  | Gained mutation: You are frail (-10% HP). [a shining eye]
 80186 | Slime:1  | Gained mutation: You have an uncontrollable temper. [a shining eye]
 80190 | Slime:1  | Gained mutation: You are very clumsy. (Dex -4) [a shining eye]
 80190 | Slime:1  | Gained mutation: You are very frail (-20% HP). [a shining eye]
 80579 | Slime:2  | Gained mutation: You are occasionally teleported next to monsters. [a shining eye]
 80584 | Slime:2  | Gained mutation: You are dopey. (Int -2) [a shining eye]
 80585 | Slime:2  | Gained mutation: You expend magic power (3 MP) to strengthen your wands. [a shining eye]
 81357 | Slime:3  | Lost mutation: Your magical capacity is very low (-20% MP). [a shining eye]
 81900 | Slime:5  | Lost mutation: Your flesh is cold resistant. [a shining eye]
 81926 | Slime:5  | Reached skill level 15 in Spellcasting
 82462 | Slime:6  | Entered Level 6 of the Pits of Slime
 82511 | Slime:6  | Noticed the Royal Jelly
 82565 | Slime:6  | Gained mutation: You sometimes yell uncontrollably at your foes. [a shining eye]
 82570 | Slime:6  | Gained mutation: You are very dopey. (Int -4) [a shining eye]
 82572 | Slime:6  | Gained mutation: Your spells are easier to cast, but less powerful. [a shining eye]
 82573 | Slime:6  | Gained mutation: You are extremely frail (-30% HP). [a shining eye]
 82660 | Slime:6  | Killed the Royal Jelly
 82900 | Slime:6  | Gained mutation: Your body often deteriorates upon taking damage. [a shining eye]
 82904 | Slime:6  | HP: 2/208 [acid blob (10)]
 82907 | Slime:6  | Annihilated by an acid blob

Vault maps used:
D:1:      minmay_arrival_four_houses, hex_large, minmay_misc_feat_roman,
          item_on_display_a
D:2:      minmay_overflow_temple_star_quad, amethyst_killhole,
          nicolae_ru_awakened_eye
D:3:      lemuel_round_altar, minmay_rat_hole
D:4:      first_bread
D:5:      grunt_temple_overflow_open, kennysheep_boxes
D:6:      grunt_temple_overflow_champion_of_chaos, vehumet_crystals,
          minmay_temple_entry_butterflies, minmay_misc_feat_cross, nemelex_deck
D:7:      uniq_crazy_yiuf_cottage
D:8:      grunt_temple_overflow_opulence, serial_shops, kennysheep_mini_moat,
          uniq_prince_ribbit1
D:9:      minmay_lair_entry_grove
D:10:     david_orc_2
D:13:     minmay_big_diamond_grid, erik_vaults_1, grunt_pizzeria, minivault_19,
          tso_metal_star, uniq_frances
D:14:     minmay_misc_feat_rows, enter_bailey_1, special_room
D:15:     gammafunk_enter_depths_forms, nrook_uturn, kennysheep_pointless_box
Temple:   nicolae_temple_no_exploring_needed
Lair:1:   serial_bayou_shore_b
Lair:2:   st_stairs_3, minmay_holes, beast_lair_carwin_4, grunt_megastairs_1,
          uniq_nergalle
Lair:3:   grunt_forest_large_clearing_hut, uniq_sonja
Lair:4:   minmay_snake_entry_guardpost_small
Lair:5:   uniq_nessos, uniq_snorg
Lair:6:   elwin_shoals_entry_rooms, slime_altar_1, pond, grunt_megastairs_2,
          infiniplex_staircase_pool
Lair:7:   st_stairs_7
Lair:8:   grunt_lair_end_beastmaster, dpeg_oklob_1, serial_bayou_shore_b
Shoals:3: hangedman_shoal_volcano, uniq_ilsuiw
Shoals:4: shoals_end_hangedman, shoal_ilsuiw
Snake:1:  serial_shops, nicolae_shop_temple_entry_statues_fountains,
          nicolae_shop_statue_plus, shop, nicolae_shop_trees,
          nicolae_shop_crystal, uniq_aizul
Snake:2:  serial_shops, shop, serial_bayou_lake_a, uniq_asterion, uniq_vashnia
Snake:3:  serial_shops, shop, evilmike_ambush, serial_bayou_shore_a,
          uniq_norris, uniq_mara
Snake:4:  snake_pit, uniq_donald
Orc:1:    uniq_erolcha, uniq_maurice
Orc:2:    serial_shops, nicolae_shop_stone, mines2_david, uniq_urug, uniq_rupert
Orc:3:    nicolae_orc_pool_cavern
Orc:4:    pubby_orc_utopia
Elf:1:    eino_elf_arrival_shootout, evilmike_minifort
Elf:2:    serial_shops, nicolae_shop_overgrown_old_shop,
          infiniplex_enter_wizlab_glasses
Elf:3:    minmay_elf_hall_circle
Vaults:1: nicolae_vaults_border_crossing, sword_in_stone,
          ontoclasm_vaults_ring_large, nicolae_vaults_diagonal_hallway_7,
          hangedman_vaults_snaps, vaults_room_door_ring, hangedman_vaults_trim
Vaults:2: v_rooms_4, v_pattern_4, ontoclasm_vaults_claustrophobia,
          vaults_dpeg_spiral, vaults_room_boxed, hangedman_vaults_stitches,
          hangedman_vaults_cutoff, vaults_mumra_minichess,
          vaults_room_stairs_pillars, vaults_mumra_chevron_long,
          ontoclasm_vaults_twist
Vaults:3: v_misc_10, nicolae_vaults_shelves_hall, stair_cage_open, v_misc_27,
          vaults_room_ringed_pool, hangedman_vaults_restitches,
          nicolae_vaults_three_branches, nicolae_vaults_shelves_hall,
          nicolae_trove_entry_path_of_doom
Vaults:4: v_misc_4, v_alt_pattern_1, v_rooms_4, nicolae_vaults_fighting_squares,
          nicolae_vaults_puzzle_piece, ontoclasm_vaults_loading_screen,
          hangedman_vaults_stream, nicolae_vaults_hallways_thing,
          ontoclasm_vaults_loading_screen, nicolae_vaults_alarming,
          hangedman_vaults_locks, vaults_room_pool,
          nicolae_vaults_little_squares_3, serial_shops, shop, shop,
          nicolae_shop_waterfront, shop, shop
Vaults:5: uniq_boris
Crypt:1:  grunt_crypt_arrival_split, grunt_megastairs_4,
          roderic_lattice_octagonal_star
Crypt:2:  lemuel_statue_altar
Crypt:3:  due_elkab, nicolae_tomb_entry_grand_gallery, st_burial_chamber
Depths:1: hell_entry, minmay_misc_feat_iff, guppyfry_shop_earth
Depths:2: minmay_ornate_pinched, minmay_misc_feat_secret_circle,
          serial_column_ruins, column_ruins_square_medium,
          column_ruins_circle_small, column_ruins_open_medium,
          column_ruins_open_medium, column_ruins_corridor_dead_end,
          column_ruins_grid_1, column_ruins_grid_4, hangedman_geh_valley,
          serial_bayou_shore_b
Depths:3: cross_vault, lightli_too_deep, grunt_pan_entry_sceptre,
          infiniplex_staircase_9_rooms, uniq_enchantress, uniq_saint_roka
Depths:4: pf_snail_temple, enter_ziggurat_b, minmay_staircase_bubble,
          hell_entry, abyss_entry_small_statue_room, uniq_sojobo
Depths:5: evilmike_zot_entry_round, pf_hell_entry_tar_river,
          rand_demon_pan_entry_4
Zot:2:    grunt_ministairs_7, st_stairs_5
Zot:3:    grunt_zot_stairs_faceoff
Zot:5:    basic_stair_grate_trap
Abyss:3:  evilmike_abyss_exit_3, hangedman_decor_riveting
Abyss:4:  evilmike_abyss_exit_5, hangedman_relentless_pull,
          evilmike_abyss_rune_seething_chaos
Abyss:5:  kb_abyss_rune_zappy
Trove:    trove_wands_scrolls
Bailey:   bailey_polearm_2, bailey
WizLab:   wizlab_demon

Action                   |  1- 3 |  4- 6 |  7- 9 | 10-12 | 13-15 | 16-18 | 19-21 | 22-24 | 25-27 || total
-------------------------+-------+-------+-------+-------+-------+-------+-------+-------+-------++-------
Melee: War axe           |   168 |   130 |       |       |       |       |       |       |       ||   298
       Hand axe          |       |    38 |   249 |       |   106 |       |       |       |       ||   393
       Battleaxe         |       |       |    21 |   520 |   796 |  1153 |    61 |       |       ||  2551
       Flail             |       |       |       |    46 |       |       |       |       |       ||    46
       Executioner's axe |       |       |       |       |       |       |   830 |  1056 |  5036 ||  6922
 Cast: Dispel Undead     |       |       |       |       |       |       |       |       |     3 ||     3
Invok: Slouch            |       |       |     1 |     3 |     3 |    13 |     4 |     3 |    17 ||    44
       Bend Time         |       |       |       |       |     8 |     5 |     1 |       |     1 ||    15
       Temporal Distorti |       |       |       |       |     6 |     9 |     5 |     2 |     2 ||    24
       Step From Time    |       |       |       |       |     3 |     1 |       |       |     4 ||     8
 Abil: Spit Poison       |     2 |     7 |     4 |     6 |     6 |     1 |       |       |       ||    26
       Breathe Poison Ga |       |       |       |       |       |     6 |    20 |     7 |    11 ||    44
       Evoke Berserk Rag |       |       |       |       |       |     1 |       |       |       ||     1
       Evoke Blink       |       |       |       |       |       |       |       |       |     2 ||     2
Evoke: Wand              |       |       |       |     3 |     5 |     5 |     2 |       |    14 ||    29
       Figurine of a zig |       |       |       |       |       |     1 |       |       |       ||     1
       Rod               |       |       |       |       |       |       |       |       |     2 ||     2
  Use: Potion            |       |     3 |     7 |     4 |     2 |    13 |     2 |     2 |    25 ||    58
       Scroll            |       |       |    14 |    10 |    15 |    13 |    22 |    12 |    44 ||   130
 Stab: Confused          |       |       |       |       |     1 |       |       |       |     6 ||     7
       Distracted        |       |       |       |       |       |     1 |       |     1 |    12 ||    14
       Sleeping          |       |       |       |       |       |       |     1 |       |       ||     1
       Invisible         |       |       |       |       |       |       |       |       |    29 ||    29
       Petrifying        |       |       |       |       |       |       |       |       |     1 ||     1
  Eat: Chunk             |     3 |     4 |     7 |    15 |    16 |    14 |    17 |    13 |    54 ||   143
       Meat ration       |       |       |       |     3 |       |     3 |     1 |       |    17 ||    24
       Bread ration      |       |       |       |     1 |       |       |       |     1 |     3 ||     5
       Beef jerky        |       |       |       |       |     6 |       |       |     5 |     3 ||    14
       Pizza             |       |       |       |       |     4 |       |     1 |       |    17 ||    22
       Royal jelly       |       |       |       |       |     1 |       |       |       |     7 ||     8
       Fruit             |       |       |       |       |       |     6 |       |     2 |    18 ||    26
